 Dungeon Crawl Stone Soup version 0.22-a0-374-g5dfd9e3911 (webtiles) character file.

14171 D1HalberdGnoll the Grappler (level 11, -4/107 (109) HPs)
             Began as a Troll Hunter on Apr 26, 2018.
             Was a Priest of Trog.
             Slain by a five-headed hydra (8 damage)
             ... on level 2 of the Lair of Beasts.
             The game lasted 00:18:04 (10532 turns).

D1HalberdGnoll the Grappler (Troll Hunter)         Turns: 10532, Time: 00:18:05

HP:   -4/107 (109)  AC:  9    Str: 22    XL:     11   Next: 85%
MP:   10/10         EV: 11    Int:  7    God:    Trog [***...]
Gold: 881           SH: 10    Dex: 13    Spells: 10/10 levels left

rFire    . . .     SeeInvis .     - Unarmed
rCold    + . .     Gourm    +   A - +0 shield
rNeg     . . .     Faith    +   s - +1 troll leather armour
rPois    .         Spirit   .   (helmet restricted)
rElec    .         Reflect  .   q - +0 cloak
rCorr    .         Harm     .   (gloves unavailable)
MR       +++..                  (boots unavailable)
Stlth    +.........             y - amulet of faith
HPRegen  2.07/turn              g - ring of protection from magic
MPRegen  0.12/turn              e - ring of protection from cold

@: lethally poisoned (-4 -> -4), regenerating
A: large, unfitting armour, claws 3, fast metabolism 3, gourmand, regeneration
1, shaggy fur 1, tough skin 2
a: Berserk, Trog's Hand, Renounce Religion


You were on level 2 of the Lair of Beasts.
You worshipped Trog.
Trog was most pleased with you.
You were hungry.

You visited 2 branches of the dungeon, and saw 13 of its levels.

You collected 881 gold pieces.

Inventory:

Missiles
 d - 4 throwing nets
 i - 4 tomahawks of returning (quivered)
 j - 5 javelins
 v - 9 large rocks
Armour
 q - a +0 cloak (worn)
 s - a +1 troll leather armour (worn)
 A - a +0 shield (worn)
Jewellery
 e - a ring of protection from cold (right claw)
 g - a ring of protection from magic (left claw)
 y - an amulet of faith (around neck)
 D - an uncursed ring of fire
Wands
 t - a wand of clouds (5)
 B - a wand of iceblast (12)
 C - a wand of digging (12)
 E - a wand of disintegration (13)
Scrolls
 a - 3 scrolls of teleportation
 b - a scroll of enchant weapon
 m - a scroll of magic mapping
 p - 5 scrolls of remove curse
 r - 6 scrolls of identify
 x - 2 scrolls of blinking
 z - a scroll of immolation
Potions
 c - 2 potions of lignification
 h - 4 potions of flight {unknown}
 k - a potion of haste {unknown}
 l - 3 potions of brilliance
 n - 2 potions of heal wounds {unknown}
 o - 4 potions of agility {unknown}
 u - 2 potions of mutation {unknown}
 w - 3 potions of curing {unknown}
Comestibles
 f - 14 rations


   Skills:
 + Level 7.2 Fighting
 + Level 8.6 Throwing
 - Level 5.7 Dodging
 - Level 0.3 Stealth
 * Level 5.9 Shields
 * Level 11.6 Unarmed Combat


You had 10 spell levels left.
You didn't know any spells.

Dungeon Overview and Level Annotations

Branches:
Dungeon (11/15)            Temple (0/1) D:7            Lair (2/6) D:11
    Orc (0/2) D:10
  Swamp: Lair:2-4    Shoals: Lair:2-4     Snake: Lair:2-4    Spider: Lair:2-4

Altars:
Trog


Innate Abilities, Weirdness & Mutations

You are too large for most types of armour.
You have claws for hands.
Your metabolism is lightning-fast.
You like to eat raw meat.
Your natural rate of healing is unusually fast.
You are covered in fur. (AC +1)
You have very tough skin. (AC +2)


Message History

The tomahawk of returning hits the five-headed hydra.
The five-headed hydra is moderately wounded.
The tomahawk of returning returns to your pack!
You feel sick.
The five-headed hydra bites you but does no damage.
The five-headed hydra closely misses you.
The five-headed hydra barely misses you.
The five-headed hydra bites you.
The five-headed hydra closely misses you.
Your skin crawls.
You feel resistant to hostile enchantments.
You feel somewhat more hungry. The five-headed hydra misses you.
The five-headed hydra bites you!
* * * LOW HITPOINT WARNING * * *
The five-headed hydra bites you!
* * * LOW HITPOINT WARNING * * *
The five-headed hydra bites you.
* * * LOW HITPOINT WARNING * * *
The five-headed hydra bites you!
You die...

........###...###.....#
........#P.#...###...#.#
..............#...#.#.⌠.###
...............#)..##....#...
.......?.......##...........#
................##..........#
........>........##..)....###
...............D....#.....#
................@...#.⌠..#.#
....<.......###.#.P.....#....
...........## #####........P#
...........# ...##..#.#
...........# P# ............
# ...........# .##......... #
..P###...P


You could see a five-headed hydra.

Vanquished Creatures
  Josephine (D:10)
  3 two-headed ogres
  The ghost of Beodren the Basher, a novice MiFi (D:7)
  A cyclops (D:11)
  2 oklob plants (D:11)
  2 spiny frogs (Lair:1)
  3 komodo dragons (Lair:1)
  2 trolls
  A merfolk (D:11)
  5 hippogriffs
  4 wraiths (D:10)
  6 yaks (Lair:1)
  2 water moccasins
  A porcupine (Lair:1)
  A hornet zombie (D:5)
  3 sky beasts
  2 orc warriors (D:11)
  4 phantoms
  5 ice beasts
  4 ogres
  A necrophage (D:8)
  5 wolves (Lair:1)
  6 centaurs
  2 crocodiles (Lair:1)
  The ghost of splatterpode the Insei, an amateur OpTm (D:3)
  A big kobold (D:8)
  Blork the orc (D:4)
  7 bullfrogs
  7 scorpions
  A crimson imp (D:8)
  2 centaur zombies
  2 bullfrog zombies
  4 hounds
  4 orc priests
  A bullfrog skeleton (D:6)
  2 centaur skeletons
  3 orc wizards
  2 jellies
  3 iguanas
  3 worker ants
  2 hound skeletons
  4 gnolls
  10 adders
  4 shadow imps
  2 oozes
  2 adder zombies
  3 worms
  3 dart slugs
  5 leopard geckos
  27 orcs
  10 bats
  6 giant cockroaches
  10 goblins
  6 hobgoblins
  4 jackals (D:2)
  10 kobolds
  7 quokkas
  4 frilled lizards
  A jackal zombie (D:5)
  A leopard gecko zombie (D:8)
  10 rats
  3 plants (D:11)
245 creatures vanquished.

Notes
Turn   | Place    | Note
-------+----------+-------------------------------------------
     0 | D:1      | D1HalberdGnoll the Troll Hunter began the quest for the Orb.
     0 | D:1      | Reached XP level 1. HP: 19/19 MP: 0/0
    61 | D:1      | Reached XP level 2. HP: 28/28 MP: 1/1
    90 | D:1      | Reached skill level 1 in Unarmed Combat
   275 | D:1      | Reached XP level 3. HP: 35/35 MP: 2/2
   961 | D:2      | Reached skill level 2 in Unarmed Combat
  1067 | D:2      | Reached XP level 4. HP: 40/42 MP: 3/3
  1763 | D:3      | Reached XP level 5. HP: 50/50 MP: 4/4
  1777 | D:3      | Noticed splatterpode's ghost (amateur OpTm)
  1785 | D:3      | Killed splatterpode's ghost
  1785 | D:3      | Reached skill level 3 in Unarmed Combat
  2183 | D:4      | Noticed an ogre
  2190 | D:4      | Killed an ogre
  2190 | D:4      | Reached XP level 6. HP: 54/59 MP: 5/5
  2254 | D:4      | Reached skill level 4 in Unarmed Combat
  2365 | D:4      | Reached XP level 7. HP: 46/67 MP: 6/6
  2565 | D:4      | Noticed Blork the orc
  2579 | D:4      | Killed Blork the orc
  2742 | D:4      | Reached skill level 5 in Unarmed Combat
  3049 | D:4      | Reached skill level 5 in Throwing
  3119 | D:5      | Entered Level 5 of the Dungeon
  3399 | D:5      | Reached XP level 8. HP: 60/78 MP: 7/7
  3662 | D:5      | Found a bloodstained altar of Trog.
  3726 | D:5      | Reached skill level 6 in Unarmed Combat
  4045 | D:5      | Became a worshipper of Trog the Wrathful
  4407 | D:6      | Reached skill level 7 in Unarmed Combat
  4752 | D:7      | Found a staircase to the Ecumenical Temple.
  4757 | D:7      | Noticed a hippogriff
  4807 | D:6      | Killed a hippogriff
  4807 | D:6      | Reached XP level 9. HP: 23/85 MP: 8/8
  4920 | D:7      | Noticed Beodren's ghost (novice MiFi)
  4937 | D:7      | Killed Beodren's ghost
  4937 | D:7      | Reached skill level 5 in Fighting
  4937 | D:7      | Reached skill level 8 in Unarmed Combat
  5056 | D:7      | Reached skill level 5 in Dodging
  5746 | D:8      | Reached * piety under Trog
  5808 | D:8      | Noticed a two-headed ogre
  5819 | D:8      | Killed a two-headed ogre
  5819 | D:8      | Reached skill level 9 in Unarmed Combat
  5966 | D:8      | Reached XP level 10. HP: 88/97 MP: 9/9
  7432 | D:10     | Entered Level 10 of the Dungeon
  7434 | D:10     | Noticed Josephine
  7439 | D:10     | Reached skill level 1 in Shields
  7445 | D:10     | Killed Josephine
  7462 | D:10     | Reached skill level 10 in Unarmed Combat
  7631 | D:10     | Noticed a two-headed ogre
  7634 | D:10     | Reached ** piety under Trog
  7646 | D:10     | Killed a two-headed ogre
  7695 | D:10     | Found a staircase to the Orcish Mines.
  7980 | D:10     | Noticed a two-headed ogre
  7990 | D:10     | Killed a two-headed ogre
  8194 | D:10     | Reached XP level 11. HP: 50/105 MP: 10/10
  8714 | D:11     | Noticed an oklob plant
  8854 | D:11     | Found a staircase to the Lair.
  8858 | D:11     | Noticed an oklob plant
  8871 | D:11     | Killed an oklob plant
  8879 | D:11     | Killed an oklob plant
  9091 | D:11     | Reached skill level 11 in Unarmed Combat
  9473 | Lair:1   | Entered Level 1 of the Lair of Beasts
  9587 | Lair:1   | Reached skill level 5 in Shields
  9726 | Lair:1   | Reached *** piety under Trog
 10319 | Lair:2   | Noticed a five-headed hydra
 10532 | Lair:2   | HP: 4/107 [five-headed hydra (6)]
 10532 | Lair:2   | Slain by a five-headed hydra

Vault maps used:
D:1:      minmay_arrival_doors
D:2:      kennysheep_generic_room_6
D:3:      first_ration
D:4:      minmay_misc_feat_four_crosses, grunt_decor_clamped, uniq_blork_the_orc
D:5:      marbit_many_paths, serial_park_tiny_1, grunt_ministairs_11
D:7:      minmay_temple_entry_grid
D:8:      minmay_diamond_spiral
D:9:      nicolae_whirlpool
D:10:     david_orc_2, uniq_josephine
D:11:     dpeg_oklobed_lair, hangedman_fish_farm
Lair:1:   grunt_megastairs_1
Lair:2:   minmay_swamp_entry_reptiles, grunt_megastairs_5, serial_bayou_shore_a

Skill      XL: |  1  2  3  4  5  6  7  8  9 10 11 |
---------------+----------------------------------+-----
Unarmed Combat | 1 2 3 4 5 7 9 10 11 | 11.6
Fighting       | 2 3 4 5 6 7 |  7.2
Dodging        | 2 3 4 5 |  5.7
Throwing       | 4 5 6 7 8 |  8.6
Shields        | 3 5 |  5.9
Stealth        | |  0.3

Action                   |  1- 3 |  4- 6 |  7- 9 | 10-12 || total
-------------------------+-------+-------+-------+-------++-------
Melee: Unarmed           |   151 |   140 |   269 |   286 ||   846
       Punch             |     1 |     1 |    12 |     1 ||    15
Throw: Large rock        |       |     7 |    10 |    14 ||    31
       Tomahawk          |       |       |     2 |    65 ||    67
       Javelin           |       |       |       |     9 ||     9
Invok: Berserk           |       |       |       |     4 ||     4
       Trog's Hand       |       |       |       |     3 ||     3
Evoke: Wand              |       |       |       |     2 ||     2
  Use: Potion            |       |     1 |     2 |     2 ||     5
       Scroll            |       |       |    13 |     3 ||    16
 Stab: Sleeping          |     2 |     2 |     3 |       ||     7
       Distracted        |       |       |     1 |       ||     1
       Invisible         |       |       |       |     1 ||     1
  Eat: Chunk             |     8 |    11 |    28 |    31 ||    78
       Ration            |       |       |     2 |     4 ||     6
Armor: Robe              |    59 |    42 |    59 |    17 ||   177
       Skin              |       |       |       |     6 ||     6
       Troll leather arm |       |       |       |    47 ||    47
Dodge: Dodged            |    89 |    66 |   132 |   124 ||   411
Block: Shield            |       |       |       |   126 ||   126

Table legend:
 A = Spawn XP
 B = Non-spawn XP
 C = Spawn XP percentage of total XP
 D = Spawn monster count
 E = Non-spawn monster count
 F = Spawn count percentage of total count
 G = Total turns spent on level
                    A         B        C        D         E        F      G
               +---------+---------+-------+---------+---------+-------+---------
         Total |       0 |   20245 |   0.0 |       0 |     242 |   0.0 | 10532
               +---------+---------+-------+---------+---------+-------+---------
           D:1 |       0 |      63 |   0.0 |       0 |      28 |   0.0 |   903
           D:2 |       0 |      85 |   0.0 |       0 |      27 |   0.0 |   574
           D:3 |       0 |     162 |   0.0 |       0 |      19 |   0.0 |   695
           D:4 |       0 |     823 |   0.0 |       0 |      22 |   0.0 |   967
           D:5 |       0 |     578 |   0.0 |       0 |      14 |   0.0 |   962
           D:6 |       0 |    1201 |   0.0 |       0 |      22 |   0.0 |   793
           D:7 |       0 |    1101 |   0.0 |       0 |       9 |   0.0 |   705
           D:8 |       0 |    1783 |   0.0 |       0 |      24 |   0.0 |   656
           D:9 |       0 |    1127 |   0.0 |       0 |      11 |   0.0 |  1177
          D:10 |       0 |    4257 |   0.0 |       0 |      17 |   0.0 |   910
          D:11 |       0 |    3691 |   0.0 |       0 |      23 |   0.0 |  1131
        Lair:1 |       0 |    5139 |   0.0 |       0 |      24 |   0.0 |   985
        Lair:2 |       0 |     235 |   0.0 |       0 |       2 |   0.0 |    74
               +---------+---------+-------+---------+---------+-------+---------
